 Dungeon Crawl Stone Soup version 0.30-a0-321-gf7783e6616 (webtiles) character file.

Game seed: 7530797451745719440

7728 MrRokkomies the Fighter (level 11, -1/103 HPs)
             Began as an Armataur Gladiator on Oct 27, 2022.
             Was a Priest of Uskayaw.
             Slain by a polar bear (11 damage)
             ... on level 8 of the Dungeon.
             The game lasted 00:15:06 (8319 turns).

MrRokkomies the Fighter (Armataur Gladiator)        Turns: 8319, Time: 00:15:06

Health: -1/103     AC: 11    Str: 23    XL:     11   Next: 0%
Magic:  15/15      EV:  9    Int: 13    God:    Uskayaw [***...]
Gold:   314        SH:  5    Dex: 11    Spells: 10/10 levels left

rFire   + . .      SeeInvis .    a - +1 battleaxe
rCold   . . .      Faith    .    (shield currently unavailable)
rNeg    . . .      Spirit   .    k - +0 scale mail
rPois   .          Reflect  +    o - +1 hat {Int+3}
rElec   .          Harm     .    r - +0 cloak
rCorr   .          Roll     +    E - +0 pair of gloves
Will    .....                    (no barding)
Stlth   ..........               h - amulet of reflection
HPRegen 0.37/turn                j - ring of protection from fire
MPRegen 0.14/turn                (no ring)

@: no status effects
A: large, rugged brown scales 3, deformed body, armoured tail, roll, long
tongue, awkward tongue
a: Renounce Religion, Stomp, Line Pass


You were on level 8 of the Dungeon.
You worshipped Uskayaw.
Uskayaw was noncommittal.
You visited 1 branch of the dungeon, and saw 8 of its levels.

You collected 404 gold pieces.
You spent 90 gold pieces at shops.

Inventory:

Hand Weapons
 a - a +1 battleaxe (weapon)
 i - a +1 flail of protection
 l - a +0 quarterstaff
Missiles
 d - 2 throwing nets
 e - a javelin
 p - 4 boomerangs (quivered)
 x - 12 poisoned darts
Armour
 k - a +0 scale mail (worn)
 o - a +1 hat of intelligence (worn)
 r - a +0 cloak (worn)
 E - a +0 pair of gloves (worn)
Jewellery
 h - an amulet of reflection (around neck)
 j - a ring of protection from fire (left hand)
 y - an amulet of magic regeneration
Wands
 g - a wand of mindburst (20)
 v - a wand of flame (1)
 G - a wand of charming (13)
 H - a wand of iceblast (2)
Scrolls
 c - a scroll of fear
 B - a scroll of immolation
 C - 3 scrolls of enchant armour
 F - a scroll of enchant weapon
 I - 2 scrolls of identify
Potions
 b - a potion of flight
 f - 2 potions of magic
 m - 2 potions of invisibility
 s - a potion of cancellation
 t - a potion of ambrosia
 w - a potion of brilliance
 z - a potion of attraction {unknown}
 A - a potion of mutation {unknown}


   Skills:
 * Level 9.2 Fighting
 * Level 6.4 Axes
 - Level 6.1 Staves
 - Level 1.7 Throwing
 + Level 8.2 Armour
 - Level 3.3 Dodging
 + Level 5.8 Invocations


You had 10 spell levels left.
You didn't know any spells.
Your spell library contained the following spells:

 Spells                   Type           Power      Damage    Failure   Level
 Cigotuvi's Dreadful Rot  Necr/Pois/Air  0%         N/A       71%         2
 Poisonous Vapours        Pois/Air       0%         N/A       71%         2
 Kindle Blastsparks       Fire/Tloc/Air  0%         2d10      90%         3
 Mephitic Cloud           Conj/Pois/Air  0%         N/A       90%         3
 Dispel Undead            Necr           0%         3d6       100%        4
 Fulminant Prism          Conj/Hex       0%         3d6       100%        4
 Iskenderun's Mystic Bla  Conj/Tloc      0%         2d3       100%        4
 Lee's Rapid Deconstruct  Erth           0%         3d4*      100%        5
 Death Channel            Necr           0%         N/A       100%        6


Dungeon Overview and Level Annotations

Branches:
Dungeon (8/15)             Temple (0/1) D:5            Lair (0/5) D:8

Altars:
Ashenzari
Elyvilon
Fedhas
Gozag
Hepliaklqana
Kikubaaqudgha
Makhleb
Okawaru
Sif Muna
Uskayaw
Vehumet
Yredelemnul

Shops:
D:6 ?

Annotations:
D:1 1 transporter


Innate Abilities, Weirdness & Mutations

You are completely covered in rugged brown scales. (AC +3, +7% HP)
Armour fits poorly on your strangely shaped body.
You have a long armoured tail.
You roll when moving toward enemies. (Rampage)
Your long tongue fully drains potion bottles. (2x potion effects)
Your tongue gives you trouble enunciating. (1.5x scroll delay)


Message History

Unknown command.
You are too injured to fight recklessly!
You are too injured to fight recklessly!
You are too injured to fight recklessly!
You are too injured to fight recklessly!
You closely miss the polar bear.
The polar bear is almost dead.
The polar bear bites you. The polar bear claws you.
You block the polar bear's attack.
The polar bear bites you but does no damage.
The polar bear closely misses you. x2
You completely miss the polar bear.
The polar bear is almost dead.
You block the polar bear's attack. The polar bear barely misses you.
The polar bear claws you but does no damage.
The polar bear bites you. You block the polar bear's attack.
The polar bear claws you.
You hit the polar bear.
The polar bear is almost dead.
You block the polar bear's attack. The polar bear closely misses you.
The polar bear barely misses you. The polar bear bites you!
The polar bear barely misses you.
The polar bear claws you but does no damage.
You barely miss the polar bear.
Your tail-slap misses the polar bear.
The polar bear is almost dead.
The polar bear bites you.
* * * LOW HITPOINT WARNING * * *
The polar bear barely misses you. The polar bear claws you.
* * * LOW HITPOINT WARNING * * *
The polar bear bites you!
* * * LOW HITPOINT WARNING * * *
The polar bear claws you.
* * * LOW HITPOINT WARNING * * *
The polar bear closely misses you.
You closely miss the polar bear.
The polar bear is almost dead.
The polar bear bites you but does no damage.
The polar bear claws you but does no damage. x2
The polar bear bites you!
You die...

#..P..⌠.##.###. ......#
#.......##.....
...#...###.......#..####
......#...#.........#####
#.............................#
##~.....#.#..........###.#.###..
##[...............#...# #.#.#
#.....##......#.h...)####.#..
.#.....###.###..@†.#)..#..##..
#...#.##....###....)##g..## ##.
.......#.....#..~...#.o..# #.
....~.....>.....#...#hh#....# #.
.......#........~...##g####.#
....#.###...###.....##h# ..
.#.........#.......#.#.# #.
.#....#.#...#.#....#.#.#
###...............## #.#


You could see a polar bear (berserk).

Vanquished Creatures
  Gastronok (D:8)
  A two-headed ogre (D:8)
  Pikel (D:5)
  Joseph (D:7)
  A komodo dragon (D:7)
  A rime drake (D:8)
  A vampire (D:5)
  2 steam dragons (D:6)
  2 vampire mosquitoes (D:8)
  A water moccasin (D:7)
  An orc warrior (D:8)
  A black bear (D:5)
  6 ice beasts
  2 ogres
  3 wolves (D:8)
  3 lemures (D:5)
  2 centaurs
  2 phantoms
  4 bullfrogs
  3 gnoll sergeants
  A kobold brigand (D:8)
  5 scorpions
  2 necrophages
  10 wights
  A howler monkey (D:7)
  6 hounds
  4 jellies
  2 orc priests
  A human zombie (D:3)
  A scorpion zombie (D:3)
  9 iguanas
  4 orc wizards
  13 gnolls
  14 adders
  2 ufetubi
  An adder zombie (D:3)
  2 worms
  3 dart slugs
  22 orcs
  12 ball pythons
  4 bats
  5 endoplasms
  3 giant cockroaches
  6 goblins
  3 hobgoblins
  5 jackals
  2 quokkas
  7 frilled lizards
  2 jackal zombies (D:3)
  7 kobolds
  A quokka skeleton (D:3)
  6 rats
205 creatures vanquished.

Vanquished Creatures (others)
  A human (D:5)
  2 ball python skeletons (D:3)
  A quokka skeleton (D:3)
  6 plants
  2 withered plants (D:3)
12 creatures vanquished.

Grand Total: 217 creatures vanquished

Notes
Turn   | Place    | Note
-------+----------+-------------------------------------------
     0 | D:1      | MrRokkomies the Armataur Gladiator began the quest for the
                  | Orb.
     0 | D:1      | Reached XP level 1. HP: 18/18 MP: 1/1
   116 | D:1      | Reached skill level 2 in Fighting
   168 | D:1      | Reached XP level 2. HP: 25/25 MP: 2/2
   716 | D:2      | Reached skill level 1 in Armour
   879 | D:2      | Reached XP level 3. HP: 29/31 MP: 3/3
  1288 | D:3      | Found a faded altar of an unknown god.
  1390 | D:3      | Reached XP level 4. HP: 35/39 MP: 4/4
  1500 | D:3      | Found an iron altar of Okawaru.
  1544 | D:3      | Reached skill level 3 in Fighting
  1554 | D:3      | Reached XP level 5. HP: 47/48 MP: 5/5
  1563 | D:3      | Found a runed translucent door.
  1563 | D:3      | Noticed a human
  1595 | D:3      | Found a basalt altar of Yredelemnul.
  2213 | D:4      | Reached XP level 6. HP: 54/54 MP: 6/6
  2243 | D:4      | Found a shimmering blue altar of Sif Muna.
  2730 | D:4      | Found an opulent altar of Gozag.
  2732 | D:4      | Found a white marble altar of Elyvilon.
  2790 | D:4      | Reached skill level 4 in Fighting
  3093 | D:4      | Found a hazy altar of Hepliaklqana.
  3302 | D:4      | Reached XP level 7. HP: 63/63 MP: 7/7
  3646 | D:5      | Entered Level 5 of the Dungeon
  3647 | D:5      | Identified the +7 war axe of Raothona {vorpal, rElec rPois
                  | Int-4 Dex-3}
  3692 | D:5      | Reached skill level 5 in Staves
  3757 | D:5      | Found a hide-covered altar of Uskayaw.
  3769 | D:5      | Became a worshipper of Uskayaw the Reveller
  3789 | D:5      | Noticed a vampire
  3790 | D:5      | Reached * piety under Uskayaw
  3838 | D:5      | Reached ** piety under Uskayaw
  3840 | D:5      | Killed a vampire
  3841 | D:5      | Reached skill level 5 in Fighting
  3851 | D:5      | Reached *** piety under Uskayaw
  3852 | D:5      | Reached skill level 1 in Invocations
  4096 | D:5      | Reached XP level 8. HP: 72/72 MP: 8/8
  4310 | D:5      | Reached **** piety under Uskayaw
  4312 | D:5      | Reached ***** piety under Uskayaw
  4386 | D:5      | Found a staircase to the Ecumenical Temple.
  4681 | D:5      | HP: 3/74 [lemure[Pikel] (1)]
  4719 | D:5      | Noticed Pikel
  4768 | D:5      | Killed Pikel
  4769 | D:5      | Reached skill level 6 in Fighting
  4769 | D:5      | Reached skill level 5 in Armour
  4918 | D:5      | Reached XP level 9. HP: 74/83 MP: 11/11
  5074 | D:5      | Found an ancient bone altar of Kikubaaqudgha.
  5507 | D:6      | Found a blossoming altar of Fedhas.
  5632 | D:6      | Reached skill level 7 in Fighting
  5684 | D:6      | Found a broken altar of Ashenzari.
  5685 | D:6      | Found a radiant altar of Vehumet.
  5686 | D:6      | Found a burning altar of Makhleb.
  5866 | D:6      | Found Kunir's Magic Scroll Shoppe.
  5873 | D:6      | Bought a scroll of enchant armour for 90 gold pieces
  6447 | D:7      | Noticed Joseph
  6459 | D:7      | Killed Joseph
  6682 | D:7      | Noticed a komodo dragon
  6689 | D:7      | Killed a komodo dragon
  6690 | D:7      | Reached XP level 10. HP: 38/94 MP: 13/13
  7122 | D:7      | Reached skill level 8 in Fighting
  7510 | D:8      | Reached skill level 5 in Axes
  7555 | D:8      | Noticed Gastronok
  7615 | D:8      | Noticed a two-headed ogre
  7635 | D:8      | Killed a two-headed ogre
  7636 | D:8      | Reached skill level 5 in Invocations
  7684 | D:8      | Killed Gastronok
  7685 | D:8      | Reached skill level 9 in Fighting
  8036 | D:8      | Found a staircase to the Lair.
  8310 | D:8      | Reached XP level 11. HP: 84/103 MP: 15/15
  8319 | D:8      | Slain by a polar bear

Illustrated notes

Levels and vault maps discovered:
D:1:      spicycebolla_arrival_risky_transporter, layout_loops_ring
D:2:      layout_basic, serial_curves, eino_curves_03, eino_curves_03,
          kennysheep_cross_room, kennysheep_path_1, minmay_statues_item
D:3:      layout_basic, okawaru_metal_pillars_1_2, dk_yredelemnul_ordeal,
          serial_undead, serial_undead_c, serial_undead_c, serial_undead_e,
          serial_undead_d, serial_undead_b, serial_undead_f, serial_undead_a,
          chequers_ecumenical_altar_simple, minmay_shallow_snake_nest
D:4:      layout_basic, nicolae_hepliaklqana_hippocampus,
          nicolae_sif_muna_condensation, mainiacjoe_overflow_catwalk_spiral
D:5:      layout_gridville, tgw_kikubaaqudgha, mainiacjoe_overflow_tiny_flanked,
          temple_hall, nrook_mini_backslash, st_stairs_9, uniq_pikel
D:6:      layout_basic, chequers_temple_overflow_statue_of_worship,
          marbit_many_paths, serial_shops, nicolae_shop_hallway_plus,
          dk_noncrumbling_2, minmay_misc_feat_roman
D:7:      layout_basic, minmay_lizard_king, uniq_joseph
D:8:      layout_rooms, tso_oasis_becter, hellmonk_lair_entry_icy,
          minmay_crossroads, uniq_gastronok

Skill      XL: |  1  2  3  4  5  6  7  8  9 10 |
---------------+-------------------------------+-----
Fighting       | 2 3 4 5 6 7 9 |  9.2
Staves         | 3 4 5 6 |  6.1
Armour         | 1 2 3 4 5 6 8 |  8.2
Dodging        | 3 |  3.3
Invocations    | 1 3 4 5 |  5.8
Axes           | 2 4 6 |  6.4
Throwing       | |  1.7

Action                   |  1- 3 |  4- 6 |  7- 9 | 10-12 || total
-------------------------+-------+-------+-------+-------++-------
Melee: Quarterstaff      |    98 |   165 |       |       ||   263
       Tailslap          |     6 |    24 |    47 |    24 ||   101
       Flail             |       |    15 |    85 |       ||   100
       Punch             |       |     1 |     1 |       ||     2
       Battleaxe         |       |       |   176 |   190 ||   366
Throw: Throwing net      |       |       |     1 |       ||     1
Evoke: Wand              |       |     2 |     9 |       ||    11
  Use: Scroll            |    11 |     1 |     9 |     2 ||    23
       Potion            |       |     1 |     4 |     8 ||    13
 Stab: Sleeping          |     1 |       |       |       ||     1
       Paralysed         |       |       |    14 |    17 ||    31
       Held in net/web   |       |       |     1 |       ||     1
Armor: Leather armour    |    13 |       |       |       ||    13
       Scale mail        |    20 |    95 |   155 |   125 ||   395
       Skin              |       |       |       |     3 ||     3
Dodge: Dodged            |    30 |    73 |   179 |   127 ||   409
Block: Other             |    23 |    38 |    55 |    67 ||   183
       Reflection        |     1 |       |       |     2 ||     3
       Buckler           |       |       |    62 |       ||    62

Table legend: (Time is in decaauts)
 A = Elapsed time spent in this place.
 B = Non-inter-level travel time spent in this place.
 C = Inter-level travel time spent in this place.
 D = Time resting spent in this place.
 E = Time spent auto-exploring this place.
 F = Levels seen in this place.
 G = Mean time per level.
                   A        B        C        D        E       F      G
               +--------+--------+--------+--------+--------+-----+--------+
         Total |   8549 |   8335 |    214 |    678 |   5864 |   8 | 1068.6 |
       Dungeon |   8549 |   8335 |    214 |    678 |   5864 |   8 | 1068.6 |
               +--------+--------+--------+--------+--------+-----+--------+

Top non-repeatable levels by time:
     D:5: 1632 daAuts
     D:4: 1463 daAuts
     D:6: 1112 daAuts
     D:7: 1089 daAuts
     D:8: 1027 daAuts
     D:3: 919 daAuts
     D:1: 668 daAuts
     D:2: 635 daAuts
